 Dungeon Crawl Stone Soup version 0.30-a0-719-gcc4359ea44 (webtiles) character file.

Game seed: 6341156110448391329

1866 Arximoufas the Firebug (level 8, -10/52 HPs)
             Began as a Demonspawn Fire Elementalist on Jan 26, 2023.
             Was an Initiate of Vehumet.
             Engulfed by a steam dragon's steam (11 damage)
             ... on level 6 of the Dungeon.
             The game lasted 00:24:24 (8165 turns).

Arximoufas the Firebug (DsFE)                       Turns: 8165, Time: 00:24:25

Health: -10/52     AC:  3    Str: 14    XL:     8   Next: 90%
Magic:  12/14      EV: 12    Int: 19    God:    Vehumet [......]
Gold:   410        SH:  0    Dex: 14    Spells: 11/15 levels left

rFire   . . .      SeeInvis +    u - +2 dagger (venom)
rCold   . . .      Faith    .    (no shield)
rNeg    . . .      Spirit   .    a - +0 robe
rPois   .          Reflect  .    (no helmet)
rElec   .          Harm     .    t - +0 cloak
rCorr   .          Rampage  .    (no gloves)
Will    .....                    (no boots)
Stlth   +++                      H - amulet of magic regeneration
HPRegen 0.28/turn                G - ring of see invisible
MPRegen 0.54/turn                x - +6 ring of strength

@: no status effects
A: demonic guardian 1, spiny 2, demonic touch 1
a: Renounce Religion


You were on level 6 of the Dungeon.
You worshipped Vehumet.
Vehumet was noncommittal.
You visited 1 branch of the dungeon, and saw 6 of its levels.

You collected 410 gold pieces.

Inventory:

Hand Weapons
 n - the +7 flail "Bitru" {antimagic, rPois Str+4}
   (You found it on level 3 of the Dungeon)

   Str:       It affects your strength (+4).
   rPois:     It protects you from poison.
 u - a +2 dagger of venom (weapon)
Missiles
 i - 5 curare-tipped darts
 y - 2 throwing nets
Armour
 a - a +0 robe (worn)
 j - a +0 buckler
 r - a scarf of invisibility
 t - a +0 cloak (worn)
Magical Staves
 E - a staff of earth
Jewellery
 x - a +6 ring of strength (right hand)
 G - a ring of see invisible (left hand)
 H - an amulet of magic regeneration (around neck)
Wands
 p - a wand of digging (6)
 q - a wand of mindburst (16)
 C - a wand of iceblast (5)
Scrolls
 f - a scroll of enchant weapon
 k - 2 scrolls of amnesia
 l - a scroll of magic mapping {unknown}
 w - 5 scrolls of identify
 B - a scroll of fog {unknown}
 D - a scroll of teleportation {unknown}
 F - a scroll of enchant armour {unknown}
Potions
 b - a potion of magic
 c - a potion of invisibility {unknown}
 d - 2 potions of curing {unknown}
 e - a potion of haste
 g - a potion of berserk rage {unknown}
 h - 3 potions of heal wounds {unknown}
 m - a potion of attraction {unknown}
 o - 2 potions of cancellation {unknown}
 s - a potion of mutation {unknown}
 v - a potion of might {unknown}
 z - a potion of degeneration {unknown}
 A - a potion of resistance {unknown}


   Skills:
 - Level 1.7 Dodging
 + Level 5.8 Stealth
 + Level 4.1 Spellcasting
 + Level 5.5 Conjurations
 + Level 5.8 Fire Magic
 + Level 4.4 Evocations


You had 11 spell levels left.
You knew the following spells:

 Your Spells              Type           Power      Damage    Failure   Level
a - Foxfire               Conj/Fire      100%       2x1d9     1%          1
b - Passwall              Tmut/Erth      2%         N/A       21%         2
c - Slow                  Hex            12%        N/A       14%         1

Your spell library contained the following spells:

 Spells                   Type           Power      Damage    Failure   Level
 Magic Dart               Conj           100%       1d8       1%          1
 Scorch                   Fire           52%        2d7       1%          2
 Searing Ray              Conj           50%        2d6       1%          2
 Inner Flame              Hex/Fire       15%        N/A       12%         3
 Dazzling Flash           Conj/Hex       28%        N/A       13%         3
 Stone Arrow              Conj/Erth      28%        3d8       13%         3
 Flame Wave               Conj/Fire      25%        2d8       13%         4
 Sandblast                Erth           6%         2d5       14%         1
 Kindle Blastsparks       Fire/Tloc/Air  22%        2d11      19%         3
 Confusing Touch          Hex            3%         N/A       38%         3
 Portal Projectile        Hex/Tloc       6%         N/A       38%         3
 Tukima's Dance           Hex            3%         N/A       38%         3
 Vampiric Draining        Necr           3%         2d6       38%         3
 Fulminant Prism          Conj/Hex       7%         3d7       41%         4
 Agony                    Necr           3%         N/A       98%         5
 Blade Hands              Tmut           1%         N/A       98%         5
 Silence                  Hex/Air        1%         N/A       98%         5


Dungeon Overview and Level Annotations

Branches:
Dungeon (6/15)
 Temple: D:4-7

Altars:
Ashenzari
Cheibriados
Dithmenos
Fedhas
Gozag
Hepliaklqana
Nemelex Xobeh
Trog
Vehumet
Xom
Yredelemnul

Shops:
D:2 :


Innate Abilities, Weirdness & Mutations

A weak demonic guardian rushes to your aid.
You are mostly covered in sharp spines.
Your touch may inflict minor irresistible damage on your foes.


Message History

A steam dragon comes into view.
Casting: Foxfire (safe; 1% risk of failure)
Press: ? - help, Q - select action, (/) - cycle Dir - look around, f - activate You conjure some foxfire!
The fungus is engulfed in a cloud of scalding steam.
The fungus begins to die.
The fungus is engulfed in a cloud of scalding steam.
The fungus begins to die.
The fungus is engulfed in a cloud of scalding steam.
The foxfire hits the steam dragon.
The steam dragon is moderately wounded.
Casting: Foxfire (safe; 1% risk of failure)
Press: ? - help, Q - select action, (/) - cycle Dir - look around, f - activate You conjure some foxfire!
The fungus is engulfed in a cloud of scalding steam. x3
The foxfire hits the steam dragon but does no damage.
The steam dragon is moderately wounded.
The foxfire hits the steam dragon.
The steam dragon is moderately wounded.
The foxfire hits the steam dragon but does no damage.
The steam dragon is moderately wounded.
The foxfire hits the steam dragon but does no damage.
The steam dragon is moderately wounded.
The steam dragon breathes steam at you.
The ball of steam hits the steam dragon!
The steam dragon resists.
The ball of steam hits you!
Casting: Foxfire (safe; 1% risk of failure)
Press: ? - help, Q - select action, (/) - cycle Dir - look around, f - activate You conjure some foxfire!
A nearby fungus withers and dies.
The fungus is engulfed in a cloud of scalding steam. x2
A nearby fungus withers and dies.
The steam dragon breathes steam at you. The ball of steam hits your foxfire.
Your foxfire resists.
The ball of steam hits you!!
* * * LOW HITPOINT WARNING * * *
A demonic guardian appears!
You are engulfed in a cloud of scalding steam.
You die...

.#
#...#~.P##.###.#######
.# #####..P#.<#...# ##
#^..#..#.#÷# .#
#~.~#..#.#># .#
##P.#..#.#.### .#
#~.#........# .#
#~§##.#.#.#.# .#
#P§P#.#...#.# .#
#.@v#.###.#.# ##
#5§.#.# #.#.# #
#~v.#.###.#.####### ##
#.§P#..............
.#######
#.D~#####.#.#######
..##...# ~§§^P#....#.#
# #.##...#
P~..PP##.#.#.# #
#..#..[#
≈P..D.P~#.#.#.# #
##.#...#
#~^....~P#.....# #


You could see a friendly iron imp (summoned).

Vanquished Creatures
  Grinder (D:6)
  Menkaure (D:5)
  An ice beast (D:6)
  2 black bears
  A centaur (D:6)
  An ogre (D:6)
  A phantom (D:5)
  2 bullfrogs
  2 scorpions
  4 wights (D:6)
  2 jellies
  5 hounds
  An orc priest (D:4)
  4 iguanas
  5 gnolls
  5 adders
  A shadow imp (D:5)
  2 ufetubi (D:5)
  3 worms
  3 dart slugs
  12 orcs
  8 endoplasms
  3 giant cockroaches
  6 goblins
  9 hobgoblins
  4 jackals (D:5)
  4 quokkas
  4 ball pythons
  4 bats
  6 frilled lizards
  5 kobolds
  6 rats
  A spectral hobgoblin (D:1)
119 creatures vanquished.

Vanquished Creatures (collateral kills)
  2 foxfires (D:6)
2 creatures vanquished.

Vanquished Creatures (others)
  A scorpion (D:4)
  A hound (D:4)
  463 foxfires
  2 fungi (D:6)
467 creatures vanquished.

Grand Total: 588 creatures vanquished

Notes
Turn   | Place    | Note
-------+----------+-------------------------------------------
     0 | D:1      | Arximoufas the Demonspawn Fire Elementalist began the quest
                  | for the Orb.
     0 | D:1      | Reached XP level 1. HP: 13/13 MP: 3/3
   117 | D:1      | Found a faded altar of an unknown god.
   378 | D:1      | Gained mutation: You are partially covered in sharp spines.
                  | [demonic ancestry]
   378 | D:1      | Reached XP level 2. HP: 19/19 MP: 1/5
   982 | D:1      | Reached XP level 3. HP: 11/24 MP: 0/6
  1704 | D:2      | Gained mutation: Your touch may inflict minor irresistible
                  | damage on your foes. [demonic ancestry]
  1704 | D:2      | Reached XP level 4. HP: 30/30 MP: 2/7
  1956 | D:2      | Found Boepsire's Book Boutique.
  2167 | D:2      | You fall into a shaft and drop 2 floors!
  2269 | D:4      | Found a shimmering altar of Xom.
  2282 | D:3      | Identified the +7 flail "Bitru" {antimagic, rPois Str+4}
  2361 | D:3      | Found a shadowy altar of Dithmenos.
  2364 | D:3      | Found an opulent altar of Gozag.
  2365 | D:3      | Found a snail-covered altar of Cheibriados.
  2954 | D:3      | Noticed a bullfrog
  2968 | D:3      | Killed a bullfrog
  2969 | D:3      | Reached XP level 5. HP: 32/35 MP: 2/8
  3661 | D:3      | Found a radiant altar of Vehumet.
  3661 | D:3      | Found a basalt altar of Yredelemnul.
  3799 | D:4      | Gained mutation: You are mostly covered in sharp spines.
                  | [demonic ancestry]
  3799 | D:4      | Reached XP level 6. HP: 41/41 MP: 5/9
  3864 | D:4      | Reached skill level 1 in Evocations
  4509 | D:4      | Found a sparkling altar of Nemelex Xobeh.
  4669 | D:4      | Noticed a two-headed ogre
  4922 | D:4      | Learned a level 2 spell: Passwall
  5081 | D:5      | Entered Level 5 of the Dungeon
  5206 | D:5      | Gained mutation: A weak demonic guardian rushes to your
                  | aid. [demonic ancestry]
  5206 | D:5      | Reached XP level 7. HP: 46/46 MP: 6/10
  5246 | D:3      | Found a blossoming altar of Fedhas.
  5246 | D:3      | Found a hazy altar of Hepliaklqana.
  5246 | D:3      | Found a broken altar of Ashenzari.
  5258 | D:3      | Became a worshipper of Vehumet
  5485 | D:5      | Noticed Menkaure
  5500 | D:5      | Killed Menkaure
  6024 | D:5      | Found a bloodstained altar of Trog.
  6158 | D:5      | Reached skill level 5 in Fire Magic
  6463 | D:5      | Reached XP level 8. HP: 52/52 MP: 4/12
  6559 | D:5      | Reached skill level 5 in Stealth
  7265 | D:6      | Noticed Grinder
  7276 | D:6      | Paralysed by Grinder for 3 turns
  7282 | D:6      | Killed Grinder
  7283 | D:6      | Reached skill level 5 in Conjurations
  7925 | D:6      | Learned a level 1 spell: Slow
  8164 | D:6      | HP: 1/52 [something/ball of steam (22)]
  8165 | D:6      | Engulfed by a steam dragon's steam

Illustrated notes

Levels and vault maps discovered:
D:1:      amcnicky_arrival_gap_in_the_tavern_cellar, layout_basic,
          dreamdust_ecumenical_altar_drowned_temple, minmay_indecisive_spiral
D:2:      layout_loops_ring, serial_shops, nicolae_square_shop,
          hangedman_decor_growths
D:3:      layout_basic, gammafunk_temple_overflow_forgotten,
          nicolae_overflow_hidden_temple
D:4:      layout_rooms, xom_confusion_cloud, mainiacjoe_overflow_cross_hatched,
          lightli_corner_chamber
D:5:      layout_loops_corners, mainiacjoe_overflow_concentric_impassable,
          uniq_menkaure
D:6:      kennysheep_steamy, layout_basic, nicolae_uskayaw_dance_hall,
          uniq_grinder

Skill      XL: |  1  2  3  4  5  6  7  8 |
---------------+-------------------------+-----
Stealth        | 2 3 4 5 |  5.8
Fire Magic     | 3 4 5 |  5.8
Conjurations   | 2 3 4 5 |  5.5
Evocations     | 2 3 4 |  4.4
Spellcasting   | 3 4 |  4.1
Dodging        | |  1.7

Action                     |  1- 3 |  4- 6 |  7- 9 || total
---------------------------+-------+-------+-------++-------
  Melee: Unarmed           |    11 |       |       ||    11
   Cast: Foxfire           |    75 |   150 |   150 ||   375
    Use: Scroll            |     2 |     1 |       ||     3
         Potion            |     1 |     1 |       ||     2
 Armour: Robe              |     5 |     5 |     7 ||    17
  Dodge: Dodged            |    25 |    29 |    31 ||    85

Table legend: (Time is in decaauts)
 A = Elapsed time spent in this place.
 B = Non-inter-level travel time spent in this place.
 C = Inter-level travel time spent in this place.
 D = Time resting spent in this place.
 E = Time spent auto-exploring this place.
 F = Levels seen in this place.
 G = Mean time per level.
                   A        B        C        D        E       F      G
               +--------+--------+--------+--------+--------+-----+--------+
         Total |   8143 |   7884 |    259 |   2272 |   4119 |   6 | 1357.2 |
       Dungeon |   8143 |   7884 |    259 |   2272 |   4119 |   6 | 1357.2 |
               +--------+--------+--------+--------+--------+-----+--------+

Top non-repeatable levels by time:
     D:5: 1832 daAuts
     D:3: 1513 daAuts
     D:4: 1472 daAuts
     D:1: 1331 daAuts
     D:6: 1192 daAuts
     D:2: 801 daAuts
